 Dungeon Crawl Stone Soup version 0.30.0-29-ga12c61a403 (webtiles) character file.

Game seed: 3579301316491868102

2408 ChadusMaximus the Summoner (level 9, -1/57 HPs)
             Began as a Barachi Summoner on June 22, 2023.
             Slain by a water moccasin (5 damage)
             ... on level 7 of the Dungeon.
             The game lasted 00:11:11 (7465 turns).

ChadusMaximus the Summoner (Barachi Summoner)       Turns: 7465, Time: 00:11:12

Health: -1/57      AC:  6    Str:  9    XL:     9   Next: 47%
Magic:  14/20      EV: 13    Int: 23    God:
Gold:   265        SH:  0    Dex: 18    Spells: 13/23 levels left

rFire   . . .        w - +0 flail (venom)
rCold   . . .        (no shield)
rNeg    . . .        a - +0 robe
rPois   +            (no helmet)
rElec   .            s - +1 cloak
rCorr   .            n - +0 pair of gloves
SInv    .            f - +0 pair of boots
Will    .....        (no amulet)
Stlth   ++           t - ring of poison resistance
HPRegen 0.29/turn    E - +6 ring of dexterity
MPRegen 0.17/turn

%: no passive effects
@: lethally poisoned (-1 -> -29), about to teleport, slow
A: amphibious, slowness 1, strong legs 1, +LOS, clever 1, wild magic 1
a: Hop


You were on level 7 of the Dungeon.
You visited 1 branch of the dungeon, and saw 7 of its levels.

You collected 265 gold pieces.

Inventory:

Hand Weapons
 c - a +0 whip
 i - a +0 short sword
 o - a +0 trident
 v - a +0 halberd
 w - a +0 flail of venom (weapon)
Missiles
 u - a throwing net
Armour
 a - a +0 robe (worn)
 f - a +0 pair of boots (worn)
 k - a +0 pair of gloves
 n - a +0 pair of gloves (worn)
 s - a +1 cloak (worn)
 I - the +1 leather armour of the Robin {rPois Will- Str+2 Dex+6}
   (You found it on level 6 of the Dungeon)

   Str:       It affects your strength (+2).
   Dex:       It affects your dexterity (+6).
   rPois:     It protects you from poison.
   Will:      It decreases your willpower.
Jewellery
 t - a ring of poison resistance (left hand)
 x - a ring of willpower
 A - a ring of flight
 E - a +6 ring of dexterity (right hand)
 H - an amulet of the acrobat
Wands
 D - a wand of flame (24)
 F - a wand of light (5)
Scrolls
 d - a scroll of magic mapping
 g - 4 scrolls of teleportation
 j - 2 scrolls of identify
 l - 4 scrolls of amnesia
 m - a scroll of butterflies
 p - a scroll of torment
 r - a scroll of immolation
 y - a scroll of noise
 G - a scroll of fog {unknown}
 J - a scroll of silence {unknown}
Potions
 b - a potion of magic
 e - 2 potions of mutation
 h - a potion of flight
 q - a potion of curing
 z - a potion of might
 B - a potion of attraction
 C - a potion of lignification {unknown}


   Skills:
 - Level 2.4 Dodging
 - Level 2.0 Stealth
 + Level 7.5 Spellcasting
 * Level 12.9 Summonings


You had 13 spell levels left.
You knew the following spells:

 Your Spells              Type           Power      Damage    Failure   Level
a - Summon Small Mammal   Summ           100%       N/A       1%          1
b - Call Imp              Summ           100%       N/A       1%          2
c - Call Canine Familiar  Summ           73%        N/A       1%          3
d - Summon Lightning Spi  Summ/Air       49%        N/A       9%          4

Your spell library contained the following spells:

 Spells                   Type           Power      Damage    Failure   Level
 Summon Guardian Golem    Hex/Summ       49%        N/A       3%          3
 Dazzling Flash           Conj/Hex       22%        N/A       30%         3
 Agony                    Necr           11%        N/A       94%         5
 Silence                  Hex/Air        5%         N/A       94%         5


Dungeon Overview and Level Annotations

Branches:
Dungeon (7/15)
 Temple: D:4-7

Altars:

Shops:
D:6 (   D:7 *


Innate Abilities, Weirdness & Mutations

You are amphibious.
You cover ground slowly.
You can hop short distances.
You have an extended range of vision and can be seen from far away.
Your mind is acute. (Int +4, Str/Dex -1)
Your spells are a little harder to cast, but a little more powerful.


Message History

Unknown command.
Casting: Summon Small Mammal (safe; 1% risk of failure)
Confirm with . or Enter, or press ? or * to list all spells.
You don't know that spell.
Unknown command.
The water moccasin attacks as you move away!
The water moccasin bites you.
You feel very sick.
Casting: Summon Small Mammal (safe; 1% risk of failure)
Confirm with . or Enter, or press ? or * to list all spells.
A tiny devil pulls itself out of the air.
You feel sick. The water moccasin bites you.
You are more poisoned.
The water moccasin poisons you!
Casting: Call Imp (safe; 1% risk of failure)
Confirm with . or Enter, or press ? or * to list all spells.
An electric hum fills the air.
You feel very sick. The water moccasin bites you. x2
You are more poisoned.
The water moccasin poisons you! The water moccasin bites you.
Okay, then.
You remove your ring of willpower.
You feel very sick. The water moccasin bites you. x2
You are more poisoned.
The water moccasin poisons you!
The water moccasin bites you but does no damage.
t - a ring of poison resistance (left hand)
* * * LOW HITPOINT WARNING * * *
You feel very sick.
Your cerulean imp hits the water moccasin from afar with a +1 spear.
The water moccasin bites you.
* * * LOW HITPOINT WARNING * * *
As you read the scroll of teleportation, it crumbles to dust.
You feel strangely unstable.
* * * LOW HITPOINT WARNING * * *
You feel extremely sick. The water moccasin bites you.
You die...

########
#####.S#...#
#.....@S.∩.+
#....5S#8..#
#......#####
#.........#
#######..<#
#.....##
#.....#
#.....#
#.....#


You could see 3 water moccasins, a friendly lightning spire (summoned) and a
friendly cerulean imp (summoned).

Vanquished Creatures
  A yak (D:5)
  A sky beast (D:6)
  3 hounds (D:6)
  A jelly (D:6)
  An iguana (D:6)
  5 gnolls
  2 adders
  A shadow imp (D:6)
  A white imp (D:4)
  A worm (D:2)
  4 dart slugs
  3 orcs
  2 ball pythons
  6 bats
  5 endoplasms
  A giant cockroach (D:1)
  3 goblins
  5 hobgoblins
  A jackal (D:1)
  2 quokkas
  2 frilled lizards
  9 kobolds
  4 rats
64 creatures vanquished.

Vanquished Creatures (collateral kills)
  Grinder (D:4)
  Sigmund (D:4)
  4 yaks (D:5)
  Eustachio (D:6)
  2 ogres (D:5)
  A phantom (D:5)
  A kobold brigand (D:6)
  A bullfrog (D:6)
  A howler monkey (D:6)
  2 hounds
  An orc priest (D:5)
  A jelly (D:4)
  Ijyb (D:5)
  A gnoll bouda (D:6)
  An iguana (D:5)
  12 gnolls
  5 adders
  2 worms
  2 dart slugs (D:1)
  6 orcs
  7 endoplasms
  A giant cockroach (D:3)
  2 goblins
  4 hobgoblins
  4 jackals (D:1)
  A quokka (D:3)
  2 ball pythons
  A bat (D:1)
  2 frilled lizards
  4 kobolds
  3 rats (D:1)
78 creatures vanquished.

Grand Total: 142 creatures vanquished

Notes
Turn   | Place    | Note
-------+----------+-------------------------------------------
     0 | D:1      | ChadusMaximus the Barachi Summoner began the quest for the
                  | Orb.
     0 | D:1      | Reached XP level 1. HP: 13/13 MP: 3/3
   268 | D:1      | Reached XP level 2. HP: 18/19 MP: 5/5
   312 | D:1      | Reached skill level 5 in Summonings
   411 | D:1      | Reached XP level 3. HP: 24/24 MP: 4/6
  1147 | D:1      | Found a faded altar of an unknown god.
  1609 | D:2      | Reached XP level 4. HP: 30/30 MP: 8/8
  1761 | D:2      | Reached skill level 6 in Summonings
  2575 | D:3      | Learned a level 2 spell: Call Imp
  2579 | D:3      | Learned a level 3 spell: Call Canine Familiar
  2850 | D:3      | Reached XP level 5. HP: 16/35 MP: 1/10
  3080 | D:3      | Reached skill level 7 in Summonings
  3088 | D:4      | Gained mutation: Your mind is acute. (Int +4, Str/Dex -1)
                  | [potion of mutation]
  3088 | D:4      | Gained mutation: Your spells are a little harder to cast,
                  | but a little more powerful. [potion of mutation]
  3089 | D:4      | HP: 1/35 [poisoned by a gnoll]
  4031 | D:4      | Reached XP level 6. HP: 31/41 MP: 5/11
  4376 | D:4      | Noticed Grinder
  4390 | D:4      | Paralysed by Grinder for 2 turns
  4395 | D:4      | Killed Grinder
  4396 | D:4      | Reached skill level 8 in Summonings
  4396 | D:4      | Reached XP level 7. HP: 43/46 MP: 8/13
  4490 | D:4      | Noticed Sigmund
  4506 | D:4      | Killed Sigmund
  4507 | D:4      | Reached skill level 9 in Summonings
  4857 | D:5      | Entered Level 5 of the Dungeon
  4926 | D:5      | Reached skill level 5 in Spellcasting
  5263 | D:5      | Reached XP level 8. HP: 52/52 MP: 9/16
  5272 | D:5      | Reached skill level 10 in Summonings
  5272 | D:5      | Noticed Ijyb
  5282 | D:5      | Killed Ijyb
  5363 | D:5      | Identified the staff of earth "Cibecod" {Str+7}
  5393 | D:5      | Noticed a yak
  5394 | D:5      | Noticed a yak
  5394 | D:5      | Noticed a yak
  5394 | D:5      | Noticed a yak
  5395 | D:5      | Noticed a yak
  5407 | D:5      | Killed a yak
  5416 | D:5      | Killed a yak
  5435 | D:5      | Killed a yak
  5436 | D:5      | Reached skill level 11 in Summonings
  5443 | D:5      | Killed a yak
  5447 | D:5      | Killed a yak
  5448 | D:5      | Reached XP level 9. HP: 24/57 MP: 7/19
  6019 | D:6      | Reached skill level 12 in Summonings
  6223 | D:6      | Learned a level 4 spell: Summon Lightning Spire
  6303 | D:6      | Found Ohoakiall's Weapon Boutique.
  6407 | D:6      | Identified the +1 leather armour of the Robin {rPois Will-
                  | Str+2 Dex+6}
  6581 | D:6      | Noticed Eustachio
  6607 | D:6      | Killed Eustachio
  7457 | D:7      | Found Pijampuo's Serpentskin Sales.
  7465 | D:7      | Slain by a water moccasin

Illustrated notes

Levels and vault maps discovered:
D:1:      ncdulo_watergridlock, layout_basic,
          ebering_ecumenical_altar_abandoned, minmay_tripent
D:2:      layout_basic, lemuel_flame_loot_1
D:3:      layout_basic, minmay_between
D:4:      layout_basic, uniq_sigmund, uniq_grinder
D:5:      layout_loops_ring, uniq_ijyb
D:6:      layout_layer_cave, serial_shops, nicolae_shop_statue_plus,
          uniq_eustachio
D:7:      layout_rooms, makhleb_blood_cavern_becter, minmay_temple_entry_tees,
          serial_shops, shop, guppyfry_shop_venom

Skill      XL: |  1  2  3  4  5  6  7  8  9 |
---------------+----------------------------+-----
Stealth        | 2 |  2.0
Summonings     | 5 6 7 8 9 11 12 | 12.9
Spellcasting   | 3 4 5 6 7 |  7.5
Dodging        | |  2.4

Action                     |  1- 3 |  4- 6 |  7- 9 || total
---------------------------+-------+-------+-------++-------
  Melee: Unarmed           |    58 |       |       ||    58
         Whip              |    32 |       |       ||    32
         Short sword       |    48 |   158 |       ||   206
         Flail             |       |     9 |    87 ||    96
         Punch             |       |       |     1 ||     1
   Cast: Summon Small Mamm |    33 |    15 |     7 ||    55
         Call Imp          |       |     7 |    14 ||    21
         Call Canine Famil |       |     8 |    10 ||    18
         Summon Lightning  |       |       |     4 ||     4
    Use: Potion            |       |     5 |       ||     5
         Scroll            |       |       |    10 ||    10
   Stab: Sleeping          |     5 |     4 |     3 ||    12
         Distracted        |     1 |     1 |       ||     2
 Armour: Robe              |    38 |    60 |    49 ||   147
  Dodge: Dodged            |   154 |   108 |   103 ||   365
